NWL (28 & UNDER)
CULVER CITY EXTRAS @ CASPER GHOSTS
08/27/2028
 
TOP OF THE 1ST
Culver City Extras batting - Pitching for Casper Ghosts : RHP Juan Contreras
Pitching: RHP Juan Contreras
Batting: RHB Augusto Trevino 0-0: Ball
1-0: Foul Ball, location: 2F
1-1: Called Strike
1-2: Strikes out swinging
Batting: RHB Horace Johnson 0-0: Ball
1-0: Ball
2-0: Ball
3-0: Called Strike
3-1: Swinging Strike
3-2: Ground out 5-3 (Groundball, 56S)
Batting: SHB Juan Carlos Mesa 0-0: Ball
1-0: Ball
2-0: Called Strike
2-1: Fly out, F9 (Line Drive, 89S)
Top of the 1st over - 0 run(s), 0 hit(s), 0 error(s), 0 left on base; Culver City 0 - Casper 0
BOTTOM OF THE 1ST
Casper Ghosts batting - Pitching for Culver City Extras : LHP Sebastián Cervantes
Pitching: LHP Sebastián Cervantes
Batting: RHB James Jenkins 0-0: Ball
1-0: Called Strike
1-1: Ball
2-1: Ball
3-1: Base on Balls
Batting: RHB Peter Bryant 0-0: Ball
Wild Pitch!
James Jenkins to second
1-0: Ball
2-0: DOUBLE (Line Drive, 9LS)
James Jenkins scores
Batting: SHB Dave Henley 0-0: Ball
1-0: Called Strike
1-1: Called Strike
1-2: Foul Ball, location: 2F
1-2: Foul Ball, location: 2F
1-2: Strikes out swinging
Batting: RHB Juan García 0-0: Ball
1-0: Called Strike
1-1: 2-RUN HOME RUN (Flyball, 7LD), Distance : 395 ft
Batting: RHB Wilfred Martin 0-0: Ball
1-0: Ball
2-0: Foul Ball, location: 2F
2-1: Ball
3-1: Foul Ball, location: 2F
3-2: Strikes out swinging
Batting: SHB José González 0-0: Ball
1-0: Called Strike
1-1: Foul Ball, location: 2F
1-2: Foul Ball, location: 2F
1-2: Ground out 4-3 (Groundball, 4)
Bottom of the 1st over - 3 run(s), 2 hit(s), 0 error(s), 0 left on base; Culver City 0 - Casper 3
TOP OF THE 2ND
Culver City Extras batting - Pitching for Casper Ghosts : RHP Juan Contreras
Batting: RHB Eugene Booth 0-0: Called Strike
0-1: Ball
1-1: SINGLE (Groundball, 56D)
Batting: LHB Collin Smith 0-0: Ball
1-0: Ball
2-0: Swinging Strike
2-1: Foul Ball, location: 2F
2-2: Fly out, F2 (Popup, 25)
Batting: LHB Tony Smith 0-0: Fielders Choice at 2nd, 1-6 (Groundball, 13)
Batting: RHB Artie Pennington 0-0: Called Strike
0-1: Swinging Strike
0-2: Ball
1-2: Foul Ball, location: 2F
1-2: Fly out, F8 (Flyball, 89M)
Top of the 2nd over - 0 run(s), 1 hit(s), 0 error(s), 1 left on base; Culver City 0 - Casper 3
BOTTOM OF THE 2ND
Casper Ghosts batting - Pitching for Culver City Extras : LHP Sebastián Cervantes
Batting: RHB Robert Acosta 0-0: Ball
1-0: Ball
2-0: Ball
3-0: Called Strike
3-1: Ground out 6-3 (Groundball, 6)
Batting: LHB Ramón Córdova 0-0: Ball
1-0: Foul Ball, location: 2F
1-1: Fly out, F7 (Line Drive, 7LS)
Batting: LHB Ralph Cobb 0-0: Ball
1-0: Foul Ball, location: 2F
1-1: Ball
2-1: Fly out, F8 (Flyball, 8LM)
Bottom of the 2nd over - 0 run(s), 0 hit(s), 0 error(s), 0 left on base; Culver City 0 - Casper 3
TOP OF THE 3RD
Culver City Extras batting - Pitching for Casper Ghosts : RHP Juan Contreras
Batting: RHB Cooper Richard 0-0: Ball
1-0: Ball
2-0: Ball
3-0: Called Strike
3-1: Base on Balls
Batting: RHB Shawn Gutiérrez 0-0: Foul Ball, location: 2F
0-1: Ball
1-1: Ball
Cooper Richard steals 2nd base
2-1: SINGLE (Line Drive, 7LM)
Cooper Richard to third
Runner from 3rd tries for Home, throw and OUT!
Batting: RHB Augusto Trevino 0-0: Swinging Strike
0-1: Called Strike
0-2: Foul Ball, location: 2F
0-2: Ball
1-2: Ball
2-2: Ball
3-2: Base on Balls
Shawn Gutiérrez to second
Batting: RHB Horace Johnson 0-0: Called Strike
0-1: Ball
1-1: Ball
2-1: Ball
3-1: Foul Ball, location: 2F
3-2: Base on Balls
Shawn Gutiérrez to third
Augusto Trevino to second
Batting: SHB Juan Carlos Mesa 0-0: Swinging Strike
0-1: Ball
1-1: Foul Ball, location: 2F
1-2: Strikes out swinging
Batting: RHB Eugene Booth 0-0: Ball
1-0: Ball
2-0: Swinging Strike
2-1: Swinging Strike
2-2: Foul Ball, location: 2F
2-2: Ball
3-2: Foul Ball, location: 2F
3-2: Foul Ball, location: 2F
3-2: Strikes out swinging
Top of the 3rd over - 0 run(s), 1 hit(s), 0 error(s), 3 left on base; Culver City 0 - Casper 3
BOTTOM OF THE 3RD
Casper Ghosts batting - Pitching for Culver City Extras : LHP Sebastián Cervantes
Batting: RHB James Jenkins 0-0: Foul Ball, location: 2F
0-1: Ball
1-1: Called Strike
1-2: Ball
2-2: Ball
3-2: Foul Ball, location: 2F
3-2: Base on Balls
Batting: RHB Peter Bryant 0-0: Called Strike
0-1: Swinging Strike
0-2: Ball
1-2: Ball
2-2: Ball
3-2: Foul Ball, location: 2F
3-2: Fly out, F8 (Line Drive, 8RM)
Batting: SHB Dave Henley 0-0: Ball
James Jenkins steals 2nd base
1-0: Foul Ball, location: 2F
1-1: Swinging Strike
1-2: Fly out, F7 (Flyball, 78D)
Batting: RHB Juan García 0-0: Called Strike
0-1: Ground out 6-3 (Groundball, 6)
Bottom of the 3rd over - 0 run(s), 0 hit(s), 0 error(s), 1 left on base; Culver City 0 - Casper 3
TOP OF THE 4TH
Culver City Extras batting - Pitching for Casper Ghosts : RHP Juan Contreras
Batting: LHB Collin Smith 0-0: Ball
1-0: Called Strike
1-1: Ball
2-1: Ball
3-1: Fly out, F7 (Flyball, 7S)
Batting: LHB Tony Smith 0-0: Ball
1-0: Ball
2-0: Ball
3-0: Called Strike
3-1: Base on Balls
Batting: RHB Artie Pennington 0-0: Called Strike
0-1: Ball
1-1: Ball
2-1: Fly out, F9 (Flyball, 9)
Batting: RHB Cooper Richard 0-0: Fly out, F9 (Flyball, 9)
Top of the 4th over - 0 run(s), 0 hit(s), 0 error(s), 1 left on base; Culver City 0 - Casper 3
BOTTOM OF THE 4TH
Casper Ghosts batting - Pitching for Culver City Extras : LHP Sebastián Cervantes
Batting: RHB Wilfred Martin 0-0: Ball
1-0: Foul Ball, location: 2F
1-1: SINGLE (Groundball, 6MD)
Batting: SHB José González 0-0: Ball
1-0: Grounds into double play, 4-6-3 (Groundball, 4)
Batting: RHB Robert Acosta 0-0: Called Strike
0-1: Ground out 6-3 (Groundball, 6S)
Bottom of the 4th over - 0 run(s), 1 hit(s), 0 error(s), 0 left on base; Culver City 0 - Casper 3
TOP OF THE 5TH
Culver City Extras batting - Pitching for Casper Ghosts : RHP Juan Contreras
Batting: RHB Shawn Gutiérrez 0-0: Called Strike
0-1: DOUBLE (Flyball, 78D)
Batting: RHB Augusto Trevino 0-0: Ball
1-0: Called Strike
1-1: Ball
2-1: Foul Ball, location: 2F
2-2: Foul Ball, location: 2F
2-2: Ball
3-2: Fly out, F7 (Flyball, 7)
Batting: RHB Horace Johnson 0-0: Swinging Strike
0-1: Ball
1-1: Ball
2-1: Foul Ball, location: 2F
2-2: SINGLE (Line Drive, 4D)
Shawn Gutiérrez to third
Batting: SHB Juan Carlos Mesa 0-0: Swinging Strike
0-1: Foul Ball, location: 2F
0-2: Ball
Horace Johnson is caught stealing 2nd base
1-2: Strikes out swinging
Top of the 5th over - 0 run(s), 2 hit(s), 0 error(s), 1 left on base; Culver City 0 - Casper 3
BOTTOM OF THE 5TH
Casper Ghosts batting - Pitching for Culver City Extras : LHP Sebastián Cervantes
Batting: LHB Ramón Córdova 0-0: Called Strike
0-1: Swinging Strike
0-2: Foul Ball, location: 2F
0-2: Ball
1-2: Ball
2-2: SINGLE (Groundball, 6MD)
Batting: LHB Ralph Cobb 0-0: Swinging Strike
0-1: Ball
1-1: Ball
2-1: Ball
3-1: Base on Balls
Ramón Córdova to second
Batting: RHB James Jenkins 0-0: Foul Ball, location: 2F
0-1: Ball
1-1: Foul Ball, location: 2F
1-2: Foul Ball, location: 2F
1-2: Grounds into double play, 6-4-3 (Groundball, 6M)
Ramón Córdova to third
Batting: RHB Peter Bryant 0-0: Ball
1-0: Called Strike
1-1: DOUBLE (Groundball, 5L)
Ramón Córdova scores
Batting: SHB Dave Henley 0-0: SINGLE (Groundball, 34S) (infield hit)
Peter Bryant to third
Batting: RHB Juan García 0-0: Called Strike
0-1: Ball
1-1: Ball
2-1: Foul Ball, location: 2F
2-2: Foul Ball, location: 2F
2-2: Ball
3-2: Ground out 6-3 (Groundball, 6)
Bottom of the 5th over - 1 run(s), 3 hit(s), 0 error(s), 2 left on base; Culver City 0 - Casper 4
TOP OF THE 6TH
Culver City Extras batting - Pitching for Casper Ghosts : RHP Juan Contreras
Pitching: RHP Christian Adkins
Batting: RHB Eugene Booth 0-0: Called Strike
0-1: Ball
1-1: Swinging Strike
1-2: Strikes out swinging
Batting: LHB Collin Smith 0-0: Swinging Strike
0-1: Ball
1-1: Ground out 1-3 (Groundball, P)
Batting: LHB Tony Smith 0-0: Called Strike
0-1: Ball
1-1: DOUBLE (Line Drive, 8RXD)
Batting: RHB Artie Pennington 0-0: Swinging Strike
0-1: Ground out 3-1 (Groundball, 34)
Top of the 6th over - 0 run(s), 1 hit(s), 0 error(s), 1 left on base; Culver City 0 - Casper 4
BOTTOM OF THE 6TH
Casper Ghosts batting - Pitching for Culver City Extras : LHP Sebastián Cervantes
Batting: RHB Wilfred Martin 0-0: Ball
1-0: Ball
2-0: Ground out 6-3 (Groundball, 56)
Pitching: RHP Juan Rojas
Batting: SHB José González 0-0: Called Strike
0-1: Ball
1-1: Ball
2-1: Called Strike
2-2: Strikes out swinging
Batting: RHB Robert Acosta 0-0: Ball
1-0: Ball
2-0: Called Strike
2-1: Swinging Strike
2-2: Strikes out swinging
Bottom of the 6th over - 0 run(s), 0 hit(s), 0 error(s), 0 left on base; Culver City 0 - Casper 4
TOP OF THE 7TH
Culver City Extras batting - Pitching for Casper Ghosts : RHP Christian Adkins
Batting: RHB Cooper Richard 0-0: Fly out, F9 (Flyball, 9LM)
Batting: RHB Shawn Gutiérrez 0-0: Called Strike
0-1: Ball
1-1: Foul Ball, location: 2F
1-2: Strikes out looking
Batting: RHB Augusto Trevino 0-0: Called Strike
0-1: Called Strike
0-2: Strikes out swinging
Top of the 7th over - 0 run(s), 0 hit(s), 0 error(s), 0 left on base; Culver City 0 - Casper 4
BOTTOM OF THE 7TH
Casper Ghosts batting - Pitching for Culver City Extras : RHP Juan Rojas
Batting: LHB Ramón Córdova 0-0: Foul Ball, location: 2F
0-1: Ball
1-1: Swinging Strike
1-2: Foul Ball, location: 2F
1-2: Ball
2-2: Foul Ball, location: 2F
2-2: Ball
3-2: Foul Ball, location: 2F
3-2: Base on Balls
Batting: LHB Ralph Cobb 0-0: Ball
1-0: Fly out, F4 (Popup, 4D)
Batting: RHB James Jenkins 0-0: Ball
1-0: Ball
2-0: Called Strike
2-1: Ball
3-1: Base on Balls
Ramón Córdova to second
Batting: RHB Peter Bryant 0-0: Called Strike
0-1: TRIPLE (Groundball, 5L)
Ramón Córdova scores
James Jenkins scores
Batting: SHB Dave Henley 0-0: Ball
1-0: Ball
2-0: Called Strike
2-1: Swinging Strike
2-2: Foul Ball, location: 2F
2-2: Foul Ball, location: 2F
2-2: Ground out U3 (Groundball, 3)
Batting: RHB Juan García 0-0: Ball
1-0: Called Strike
1-1: Ball
2-1: Swinging Strike
2-2: Ball
3-2: Fly out, F9 (Line Drive, 9S)
Bottom of the 7th over - 2 run(s), 1 hit(s), 0 error(s), 1 left on base; Culver City 0 - Casper 6
TOP OF THE 8TH
Culver City Extras batting - Pitching for Casper Ghosts : RHP Christian Adkins
Batting: RHB Horace Johnson 0-0: Ball
1-0: Fly out, F8 (Flyball, 8LM)
Batting: SHB Juan Carlos Mesa 0-0: Ball
1-0: Swinging Strike
1-1: Ball
2-1: Swinging Strike
2-2: Foul Ball, location: 2F
2-2: Ball
3-2: Foul Ball, location: 2F
3-2: Base on Balls
Batting: RHB Eugene Booth 0-0: Called Strike
0-1: Fly out, F9 (Flyball, 9S)
Batting: LHB Collin Smith 0-0: Ball
1-0: SINGLE (Flyball, 78S)
Juan Carlos Mesa to second
Batting: LHB Tony Smith 0-0: Foul Ball, location: 2F
0-1: Ball
1-1: Reached on error, E4 (Groundball, 4)
Juan Carlos Mesa to third
Collin Smith to second
Batting: RHB Artie Pennington 0-0: Swinging Strike
0-1: Ball
1-1: Foul Ball, location: 2F
1-2: Ball
2-2: SINGLE (Line Drive, 7S)
Juan Carlos Mesa scores
Collin Smith to third
Tony Smith to second
Pitching: RHP Willie Alexander
Batting: RHB Cooper Richard 0-0: Ball
1-0: Swinging Strike
1-1: Called Strike
1-2: Strikes out swinging
Top of the 8th over - 1 run(s), 2 hit(s), 1 error(s), 3 left on base; Culver City 1 - Casper 6
BOTTOM OF THE 8TH
Casper Ghosts batting - Pitching for Culver City Extras : RHP Juan Rojas
Batting: RHB Wilfred Martin 0-0: Ball
1-0: Ball
2-0: Foul Ball, location: 2F
2-1: Fly out, F9 (Flyball, 9LS)
Batting: SHB José González 0-0: Ball
1-0: Swinging Strike
1-1: Ball
2-1: Reached on error, E4 (Groundball, 4)
Batting: RHB Robert Acosta 0-0: Called Strike
0-1: Ball
1-1: Called Strike
1-2: Ball
2-2: Ground out 5-3 (Groundball, 56S)
José González to second
Batting: LHB Ramón Córdova 0-0: Swinging Strike
0-1: Ball
1-1: Ball
2-1: Foul Ball, location: 2F
2-2: Ball
3-2: Base on Balls
Batting: LHB Ralph Cobb 0-0: Called Strike
0-1: Ball
1-1: Ball
2-1: Foul Ball, location: 2F
2-2: Strikes out swinging
Bottom of the 8th over - 0 run(s), 0 hit(s), 1 error(s), 2 left on base; Culver City 1 - Casper 6
TOP OF THE 9TH
Culver City Extras batting - Pitching for Casper Ghosts : RHP Willie Alexander
Batting: RHB Shawn Gutiérrez 0-0: Called Strike
0-1: Ball
1-1: Ball
2-1: Foul Ball, location: 2F
2-2: Ball
3-2: Base on Balls
Batting: RHB Augusto Trevino 0-0: SINGLE (Groundball, 5D)
Shawn Gutiérrez to second
Batting: RHB Horace Johnson 0-0: Ball
1-0: Foul Ball, location: 2F
1-1: SINGLE (Flyball, 89S)
Shawn Gutiérrez to third
Augusto Trevino to second
Runner from 3rd tries for Home, SAFE, throw made home
Augusto Trevino to third
Horace Johnson to second
Pitching: RHP Vaughn Stanley
Batting: SHB Juan Carlos Mesa 0-0: Ground out U3 (Groundball, 34)
Augusto Trevino scores
Horace Johnson to third
Batting: RHB Eugene Booth 0-0: Ball
1-0: Called Strike
1-1: Foul Ball, location: 2F
1-2: Foul Ball, location: 2F
1-2: Strikes out looking
Batting: LHB Collin Smith 0-0: Foul Ball, location: 2F
0-1: Fly out, F4 (Popup, 4D)
Top of the 9th over - 2 run(s), 2 hit(s), 0 error(s), 1 left on base; Culver City 3 - Casper 6
Tuesday, August 8th, 2017 - OOTP Baseball 17.12 Build 75